 Dungeon Crawl Stone Soup version 0.28.0-43-g3370ac3207 (webtiles) character file.

Game seed: 4617839447747430139

2674 demenzo the Carver (level 9, -5/68 HPs)
             Began as a Djinni Cinder Acolyte on Mar 16, 2022.
             Was a Priest of Ignis.
             Slain by an orc warrior
             ... wielding a +0 dire flail
              (8 damage)
             ... on level 7 of the Dungeon.
             The game lasted 00:22:07 (10548 turns).

demenzo the Carver (Djinni Cinder Acolyte)         Turns: 10548, Time: 00:22:09

Health: -5/68      AC:  4    Str: 13    XL:     9   Next: 95%
Gold:   338        EV: 11    Int: 21    God:    Ignis [***...] SH:  5 Dex:  8

rFire   + + +      SeeInvis .   a - -1 falchion (flame)
rCold   x . .      Faith    .   (no shield)
rNeg    . . .      Spirit   .   I - +0 troll leather armour
rPois   ∞          Reflect  +   (no helmet)
rElec   .          Harm     .   (no cloak)
rCorr   +          Rampage  .   (no gloves)
Will    +....                   (boots unavailable)
Stlth   +.........              h - amulet of reflection
HPRegen 1.01/turn               m - ring of wizardry
MPRegen 0.00/turn               B - ring "Peggeboj" {rF+ Will+ rCorr Slay+2}

@: flying
A: sickness immunity, fire resistance 2, cold vulnerability 1, float, innate
caster, HP casting, extra vitality 1
a: Renounce Religion, Fiery Armour, Foxfire Swarm, Rising Flame


You were on level 7 of the Dungeon.
You worshipped Ignis.
Ignis was most pleased with you.
You visited 2 branches of the dungeon, and saw 9 of its levels.
You also visited: Ossuary.

You collected 338 gold pieces.

Inventory:

Hand Weapons
 a - a -1 falchion of flaming (weapon)
 c - a +2 dagger of draining
 o - a +1 vampiric dagger
 C - a +0 shortbow
Missiles
 i - 13 bolts
 j - 12 boomerangs
 k - 253 stones
 x - 5 atropa-tipped darts
 D - 87 arrows
 K - 6 poisoned darts
Armour
 b - a +1 robe
 I - a +0 troll leather armour (worn)
Jewellery
 e - a ring of resist corrosion
 h - an amulet of reflection (around neck)
 m - a ring of wizardry (left hand)
 B - the ring "Peggeboj" (right hand) {rF+ Will+ rCorr Slay+2}
   (You found it on level 6 of the Dungeon)

   [ring of protection from fire]

   Slay:      It affects your accuracy & damage with ranged weapons and melee
   (+2).
   rF:        It protects you from fire.
   rCorr:     It protects you from acid and corrosion.
   Will:      It increases your willpower.
Wands
 J - a wand of flame (9)
Scrolls
 n - 3 scrolls of teleportation {unknown}
 p - a scroll of fog {unknown}
 q - a scroll of summoning {unknown}
 r - a scroll of amnesia {unknown}
 s - 2 scrolls of noise
 t - a scroll of acquirement {unknown}
 u - 2 scrolls of immolation {unknown}
 y - 2 scrolls of identify
 A - 2 scrolls of vulnerability {unknown}
 G - a scroll of blinking {unknown}
 L - a scroll of magic mapping
 M - a scroll of brand weapon {unknown}
Potions
 d - 2 potions of might {unknown}
 f - 2 potions of attraction {unknown}
 g - a potion of curing
 l - a potion of lignification
 v - 2 potions of flight {unknown}
 w - a potion of magic {unknown}
 z - a potion of haste {unknown}
 E - a potion of invisibility {unknown}
 F - a potion of degeneration {unknown}
 H - a potion of ambrosia {unknown}


   Skills:
 + Level 7.0 Fighting
 * Level 8.7 Long Blades
 + Level 2.1 Dodging
 + Level 5.4 Spellcasting


You had 7 spell levels left.
You knew the following spells:

 Your Spells              Type           Power      Damage    Failure   Level
a - Scorch                Fire           56%        2d8       1%          2
b - Foxfire               Conj/Fire      100%       2x1d9     1%          1
c - Ensorcelled Hibernat  Hex/Ice        56%        N/A       1%          2
d - Swiftness             Air            28%        N/A       1%          3
e - Confusing Touch       Hex            28%        N/A       1%          3
Your spell library was empty.

Dungeon Overview and Level Annotations

Branches:
Dungeon (8/15)             Temple (1/1) D:6         Ossuary (visited)
   Lair: D:8-11

Altars:
Ashenzari
Cheibriados
Dithmenos
Elyvilon
Fedhas
Gozag
Hepliaklqana
Kikubaaqudgha
Makhleb
Nemelex Xobeh
Okawaru
Ru
Sif Muna
Trog
Uskayaw
Vehumet
Wu Jian
Xom
Yredelemnul
Zin
The Shining One

Shops:
D:4 :

Annotations:
D:7 1 runed translucent door, Jingleheimer's ghost, novice TrMo


Innate Abilities, Weirdness & Mutations

You are immune to sickness and miasma.
You are immune to poison.
Your flesh is very heat resistant. (rF++)
You are vulnerable to cold. (rC-)
You float through the air rather than walking.
You learn spells naturally, not from books.
Your magical power is your life essence.
You have superior vitality. (+4 MHP)


Message History

Flames lash the orc warrior but do no damage.
The orc shouts!
You hit the orc warrior but do no damage.
The orc warrior hits you with a +0 dire flail!!
An orc priest comes into view. It is wielding a +0 hand axe.
An orc comes into view. It is wielding a +0 club.
The orc priest shouts!
The orc shouts!
You hear a shout!
The orc warrior hits you with a +0 dire flail!
You fly upwards.
Level annotation: 1 runed translucent door, Jingleheimer's ghost, novice TrMo
There is a stone staircase leading down here.
Casting: Scorch (safe; 1% risk of failure)
Confirm with . or Enter, or press ? or * to list all spells.
Flames lash the orc warrior but do no damage.
The orc warrior closely misses you.
Casting: Scorch (safe; 1% risk of failure)
Confirm with . or Enter, or press ? or * to list all spells.
Flames lash the orc warrior.
The orc warrior is moderately wounded.
The orc warrior's fire resistance burns away.
The orc warrior closely misses you.
Casting: Scorch (safe; 1% risk of failure)
Confirm with . or Enter, or press ? or * to list all spells.
Flames lash the orc warrior.
The orc warrior is burned terribly!
The orc warrior is heavily wounded.
The orc warrior hits you with a +0 dire flail!
* * * LOW HITPOINT WARNING * * *
Casting: Scorch (safe; 1% risk of failure)
Confirm with . or Enter, or press ? or * to list all spells.
Flames lash the orc warrior but do no damage.
* * * LOW HITPOINT WARNING * * *
The orc warrior hits you with a +0 dire flail!
* * * LOW HITPOINT WARNING * * *
Casting: Scorch (safe; 1% risk of failure)
Confirm with . or Enter, or press ? or * to list all spells.
Flames lash the orc warrior but do no damage.
* * * LOW HITPOINT WARNING * * *
Your hands stop glowing.
The orc warrior hits you with a +0 dire flail!
You die...

#.# #.# #.# #.# #.# #.#
#.#
##########.###########
...............o@[...#
#########..#####[###.###
...######..#####.###...#
#......#....#...[..###.#
#......#....#.#........#
#......#.#..#..[..)..###
o......#.#........<...###
#o.....#.#..#...........#
#......#......[.......#.#


You could see an orc warrior (combustible).

Vanquished Creatures
  A troll (D:7)
  2 orc warriors (D:7)
  3 ogres
  2 centaurs
  2 phantoms
  A kobold brigand (D:7)
  3 bullfrogs (D:6)
  A wyvern skeleton (D:6)
  3 scorpions
  2 water moccasin zombies
  4 bullfrog zombies
  A centaur zombie (Ossuary)
  A jelly (D:4)
  4 orc priests
  3 hounds
  A scorpion zombie (D:5)
  4 iguanas
  4 orc wizards
  3 killer bee zombies
  8 mummies
  2 howler monkey skeletons
  7 adders
  8 gnolls
  A white imp (D:4)
  2 worms (D:2)
  2 dart slugs
  17 orcs
  7 ball pythons
  6 endoplasms
  2 giant cockroaches (D:2)
  7 goblins
  6 hobgoblins
  4 jackals (D:3)
  9 kobolds
  4 quokkas
  3 bats (D:1)
  4 frilled lizards
  10 rats
154 creatures vanquished.

Vanquished Creatures (collateral kills)
  2 foxfires (Ossuary)
2 creatures vanquished.

Vanquished Creatures (others)
  73 foxfires
  7 plants (D:5)
  3 toadstools (D:1)
  3 withered plants (Ossuary)
86 creatures vanquished.

Grand Total: 242 creatures vanquished

Notes
Turn   | Place    | Note
-------+----------+-------------------------------------------
     0 | D:1      | demenzo the Djinni Cinder Acolyte began the quest for the
                  | Orb.
     0 | D:1      | Reached XP level 1. HP: 20/20 MP: 0/0
   244 | D:1      | Reached XP level 2. HP: 20/25 MP: 0/0
   322 | D:1      | Reached skill level 3 in Long Blades
  1390 | D:2      | Reached XP level 3. HP: 27/30 MP: 0/0
  1390 | D:2      | Learned a level 1 spell: Foxfire
  2242 | D:2      | Reached XP level 4. HP: 33/35 MP: 0/0
  3152 | D:2      | Reached XP level 5. HP: 18/41 MP: 0/0
  3152 | D:2      | Learned a level 2 spell: Ensorcelled Hibernation
  3339 | D:2      | Reached skill level 4 in Long Blades
  3736 | D:3      | Reached XP level 6. HP: 43/47 MP: 0/0
  5068 | D:4      | Reached skill level 5 in Long Blades
  5121 | D:4      | Noticed an ogre
  5133 | D:4      | Found Rom Gyaf's Book Shoppe.
  5143 | D:4      | Killed an ogre
  5144 | D:4      | Reached XP level 7. HP: 53/53 MP: 0/0
  5144 | D:4      | Learned a level 3 spell: Swiftness
  5527 | D:5      | Entered Level 5 of the Dungeon
  5729 | D:5      | Found a sand-covered staircase.
  5734 | Ossuary  | Entered an ossuary
  5781 | Ossuary  | Reached skill level 5 in Fighting
  5784 | Ossuary  | Reached skill level 6 in Long Blades
  5784 | Ossuary  | Reached XP level 8. HP: 32/59 MP: 0/0
  6744 | D:5      | Reached skill level 7 in Long Blades
  7592 | D:5      | Reached XP level 9. HP: 62/66 MP: 0/0
  7592 | D:5      | Learned a level 3 spell: Confusing Touch
  7856 | D:6      | Identified the ring "Peggeboj" {rF+ Will+ rCorr Slay+2}
  8582 | D:6      | Found Putani's Assorted Antiques.
  8642 | D:5      | Reached skill level 8 in Long Blades
  8642 | D:5      | Reached skill level 5 in Spellcasting
  8986 | D:6      | Found a staircase to the Ecumenical Temple.
  8997 | Temple   | Entered the Ecumenical Temple
  9791 | D:7      | Noticed a troll
  9794 | D:7      | Killed a troll
  9795 | D:7      | Reached skill level 1 in Dodging
 10068 | D:7      | Found a runed translucent door.
 10068 | D:7      | Found a shimmering altar of Xom.
 10068 | D:7      | Noticed Jingleheimer's ghost (novice TrMo)
 10068 | D:7      | Noticed a +2 hand axe of chaos
 10548 | D:7      | Slain by an orc warrior

Illustrated notes

Levels and vault maps discovered:
D:1:      minmay_arrival_jagged, layout_loops_ring, minmay_gold_behind_fungi,
          corner_web_ring
D:2:      layout_basic, minmay_increasing_density
D:3:      layout_rooms, hangedman_abyss_or_decor_lesser_grid
D:4:      layout_rooms, serial_corexii_hall, corexii_hall_statues_u,
          corexii_hall_statues_i, serial_shops, nicolae_take_the_stairs
D:5:      layout_cave_pods, enter_ossuary_5, guppyfry_early_lair_pool
D:6:      layout_loops_cross, temple_hall, serial_shops, shop
D:7:      layout_basic, ebering_ghost_xom
D:8:      layout_rooms, hangedman_decor_lopped
Temple:   kilobyte_greek_temple

Skill      XL: |  1  2  3  4  5  6  7  8  9 |
---------------+----------------------------+-----
Long Blades    | 3 4 5 6 7 8 |  8.7
Spellcasting   | 3 4 5 |  5.4
Fighting       | 4 5 7 |  7.0
Dodging        | 2 |  2.1

Action                   |  1- 3 |  4- 6 |  7- 9 || total
-------------------------+-------+-------+-------++-------
Melee: Falchion          |    86 |    47 |    75 ||   208
       Dagger            |       |       |    28 ||    28
       Punch             |       |       |     2 ||     2
 Cast: Scorch            |     9 |    47 |   147 ||   203
       Ensorcelled Hiber |       |     1 |       ||     1
       Foxfire           |       |       |     9 ||     9
       Confusing Touch   |       |       |     6 ||     6
Invok: Foxfire Swarm     |       |     2 |     1 ||     3
       Fiery Armour      |       |       |     1 ||     1
  Use: Scroll            |       |       |     6 ||     6
       Potion            |       |       |     3 ||     3
 Stab: Sleeping          |     1 |     1 |       ||     2
Armor: Robe              |    27 |    16 |    20 ||    63
       Skin              |       |       |    13 ||    13
       Troll leather arm |       |       |     4 ||     4
Dodge: Dodged            |    86 |    55 |   101 ||   242
Block: Other             |       |       |     7 ||     7
       Reflection        |       |       |     1 ||     1
